[Event "22nd ECCC Women 2017"]
[Site "Antalya"]
[Date "2017.10.16"]
[Round "7"]
[White "Yildiz, Betul Cemre"]
[Black "Ayan, Bengu Sena"]
[Result "1/2-1/2"]
[ECO "C06"]
[WhiteElo "2350"]
[BlackElo "1888"]
[Annotator "ChessBase"]
[PlyCount "100"]
[EventType "team-tourn"]
[EventCountry "TUR"]
[SourceTitle "playchess.com"]
[Source "ChessBase"]
[SourceQuality "1"]
[WhiteTeam "Anatolia"]
[BlackTeam "Aegean"]
[TimeControl "40/5400+30:1800+30"]

1. e4 e6 2. d4 d5 3. Nd2 Nf6 4. e5 Nfd7 5. Bd3 c5 6. c3 Nc6 7. Ne2 cxd4 8. cxd4 f6 9. exf6 Qxf6 10. Nf3 Bb4+ 11. Bd2 Bxd2+ 12. Qxd2 O-O 13. O-O e5 14. dxe5 Ndxe5 15. Nxe5 Nxe5 16. Nd4 Nxd3 17. Qxd3 Bf5 18. Nxf5 Qxf5 19. Rad1 Rad8 20. Qxf5 Rxf5 21. Rd4 Rf6 22. Rfd1 Rfd6 23. Kf1 Kf7 24. R1d3 Rb6 25. b3 Ke6 26. Rh4 h6 27. Rg3 Kf7 28. Ra4 a6 29. Rag4 g6 30. Rf3+ Rf6 31. Rb4 b5 32. Rbf4 Rxf4 33. Rxf4+ Ke6 34. Ke2 Rc8 35. Kd2 g5 36. Rf3 b4 37. Rh3 Rh8 38. Kd3 Ke5 39. Re3+ Kd6 40. Rf3 Ke5 41. Rf7 Rc8 42. Re7+ Kf5 43. Rb7 Rc3+ 44. Kd2 a5 45. Rb5 Ke4 46. Rxa5 Rd3+ 47. Ke2 Rc3 48. Kd2 Rd3+ 49. Kc2 Rc3+ 50. Kd2 Ke5 1/2-1/2

[Event "22nd ECCC Women 2017"]
[Site "Antalya"]
[Date "2017.10.16"]
[Round "7"]
[White "Zaiatz, Elena"]
[Black "Choisy, Mathilde"]
[Result "1-0"]
[ECO "E74"]
[WhiteElo "2334"]
[BlackElo "2162"]
[Annotator "ChessBase"]
[PlyCount "113"]
[EventType "team-tourn"]
[EventCountry "TUR"]
[SourceTitle "playchess.com"]
[Source "ChessBase"]
[SourceQuality "1"]
[WhiteTeam "Bossa Nova"]
[BlackTeam "Mulhouse Philidor"]
[TimeControl "40/5400+30:1800+30"]

1. d4 Nf6 2. c4 g6 3. Nc3 Bg7 4. e4 d6 5. Be2 O-O 6. Bg5 c5 7. dxc5 Qa5 8. Bd2 Qxc5 9. Nf3 Bg4 10. Be3 Qa5 11. O-O Nc6 12. a3 Rfc8 13. Nd2 Bxe2 14. Qxe2 Qh5 15. f3 Bh6 16. Bxh6 Qxh6 17. Nd5 Qg7 18. Qe3 Nxd5 19. exd5 Qd4 20. Qxd4 Nxd4 21. Rae1 Rc7 22. g4 Rb8 23. Re4 e5 24. dxe6 Nxe6 25. f4 b5 26. f5 Nc5 27. Re2 bxc4 28. Nxc4 d5 29. Ne3 Rd7 30. b4 Na4 31. Rd2 Rbd8 32. g5 Nc3 33. Ng4 Ne4 34. Rd4 Rc7 35. Ne3 Nc3 36. Kg2 Ne4 37. Nxd5 Rc2+ 38. Kg1 Kf8 39. Rxe4 Rxd5 40. Ref4 Rdd2 41. R4f2 Rxf2 42. Rxf2 Rc3 43. f6 Rxa3 44. Rc2 Ke8 45. Re2+ Kf8 46. Re7 Ra4 47. Rb7 Ke8 48. Kf2 a5 49. Re7+ Kd8 50. Rxf7 Rxb4 51. Rxh7 Rg4 52. h4 Ke8 53. Kf3 Rb4 54. h5 Rb3+ 55. Ke4 Rb4+ 56. Kd3 gxh5 57. g6 1-0

[Event "22nd ECCC Women 2017"]
[Site "Antalya"]
[Date "2017.10.14"]
[Round "7"]
[White "Mamedjarova, Zeinab"]
[Black "Okuyaz, Duru"]
[Result "1/2-1/2"]
[ECO "A06"]
[WhiteElo "2298"]
[BlackElo "2233"]
[Annotator "NA"]
[PlyCount "81"]
[EventType "team-tourn"]
[EventCountry "TUR"]
[SourceTitle "playchess.com"]
[Source "ChessBase"]
[SourceQuality "1"]
[WhiteTeam "Odlar Yurdu"]
[BlackTeam "Marmara"]
[TimeControl "40/5400+30:1800+30"]

1. d4 d5 2. Nf3 Nf6 3. e3 c6 4. b3 Bg4 5. Be2 Nbd7 6. Bb2 e6 7. O-O Bd6 8. Nbd2 O-O 9. Ne5 Bxe2 10. Qxe2 Ne4 11. Nxe4 dxe4 12. Nc4 Bc7 13. Ba3 Re8 14. f3 Nf6 15. f4 Nd5 16. Kh1 b5 17. Nd2 b4 18. Bb2 f5 19. a3 a5 20. Rg1 Qh4 21. g4 Nf6 22. gxf5 exf5 23. Qc4+ Kh8 24. Qf7 Ng4 25. Nf1 Nf2+ 26. Kg2 Bxf4 27. exf4 Qg4+ 28. Kxf2 e3+ 29. Nxe3 Qxf4+ 30. Kg2 Qe4+ 31. Kh3 Qxe3+ 32. Kg2 Qe4+ 33. Kh3 Qe3+ 34. Kg2 Re4 35. Qxf5 Rf4 36. Qd3 Rf2+ 37. Kh1 Qxd3 38. cxd3 Rxb2 39. axb4 Rxb3 40. bxa5 Rb5 41. Rgc1 1/2-1/2

[Event "22nd ECCC Women 2017"]
[Site "Antalya"]
[Date "2017.10.14"]
[Round "7"]
[White "Haussernot, Cecile"]
[Black "Badelka, Olga"]
[Result "0-1"]
[ECO "B40"]
[WhiteElo "2169"]
[BlackElo "2353"]
[Annotator "NA"]
[PlyCount "92"]
[EventType "team-tourn"]
[EventCountry "TUR"]
[SourceTitle "playchess.com"]
[Source "ChessBase"]
[SourceQuality "1"]
[WhiteTeam "Mulhouse Philidor"]
[BlackTeam "Bossa Nova"]
[TimeControl "40/5400+30:1800+30"]

1. e4 c5 2. Nf3 e6 3. d4 cxd4 4. Nxd4 Nf6 5. Bd3 $11 {[%emt 0:00:00] LiveBook: 675 Partien} Nc6 6. Nxc6 bxc6 7. O-O d5 8. Nc3 Be7 9. Re1 O-O 10. e5 Nd7 11. Bf4 g6 12. Qd2 Rb8 13. Nd1 Nc5 14. Re3 Nxd3 15. cxd3 c5 16. Rh3 Rb4 17. a3 Rb7 18. Bh6 Re8 19. Bg7 Bg5 20. f4 Be7 21. Bh6 f5 22. Rg3 d4 23. Bg5 Bxg5 24. Rxg5 Qd5 25. h4 Rg7 26. Rc1 Bb7 27. Qa5 Rc8 28. Qxa7 h6 29. Rg3 g5 30. hxg5 hxg5 31. Rc2 gxf4 32. Rxg7+ Kxg7 33. Qb6 Kh6 34. Kf1 Rg8 35. Ke1 f3 36. gxf3 Rg1+ 37. Kd2 Qxe5 38. Kc1 Bxf3 39. Rd2 Bxd1 40. Rxd1 Qe3+ 41. Kc2 Rxd1 42. Kxd1 Qxd3+ 43. Kc1 Qe3+ 44. Kb1 d3 45. Qd8 Qe1+ 46. Ka2 d2 0-1

[Event "22nd ECCC Women 2017"]
[Site "Antalya"]
[Date "2017.10.14"]
[Round "7"]
[White "Caglar, Sila"]
[Black "Fataliyeva, Ulviyya"]
[Result "1/2-1/2"]
[ECO "C05"]
[WhiteElo "2153"]
[BlackElo "2348"]
[Annotator "NA"]
[PlyCount "86"]
[EventType "team-tourn"]
[EventCountry "TUR"]
[SourceTitle "playchess.com"]
[Source "ChessBase"]
[SourceQuality "1"]
[WhiteTeam "Marmara"]
[BlackTeam "Odlar Yurdu"]
[TimeControl "40/5400+30:1800+30"]

1. e4 e6 2. d4 d5 3. Nd2 Nf6 4. Bd3 c5 5. c3 $11 {[%emt 0:00:00] LiveBook: 110 Games} (5. e5 $5 Nfd7 6. c3 $11) 5... cxd4 6. cxd4 dxe4 7. Nxe4 Bd7 8. Nf3 Nxe4 9. Bxe4 Bc6 10. Bxc6+ Nxc6 11. O-O Be7 12. Qb3 Qb6 13. Qc4 Qb4 14. b3 Rd8 15. Bb2 O-O 16. Rfd1 Qxc4 17. bxc4 Na5 18. Rac1 Rc8 19. c5 Rfd8 20. Ne5 Nc6 21. Nc4 Rd7 22. Bc3 Rcd8 23. Ba5 Rb8 24. Bc3 g6 25. g3 h5 26. Rb1 Bf8 27. Na5 Nxa5 28. Bxa5 Rc8 29. Rd2 Bg7 30. Bc3 Rc6 31. Rdb2 b6 32. cxb6 axb6 33. Rb3 Ra7 34. a3 Ra6 35. Kg2 Rd6 36. Rd1 Ra4 37. Bb2 Kf8 38. Rb5 Ke8 39. Rd3 Kd8 40. Rf3 f5 41. Rfb3 Ra6 42. Kf3 Kc7 43. Ke3 g5 1/2-1/2

[Event "22nd ECCC Women 2017"]
[Site "Antalya"]
[Date "2017.10.15"]
[Round "7"]
[White "Neuhauser, Salome"]
[Black "Stetsko, Lanita"]
[Result "0-1"]
[ECO "C54"]
[WhiteElo "2140"]
[BlackElo "2254"]
[Annotator "ChessBase"]
[PlyCount "72"]
[EventType "team-tourn"]
[EventCountry "TUR"]
[SourceTitle "playchess.com"]
[Source "ChessBase"]
[SourceQuality "1"]
[WhiteTeam "Mulhouse Philidor"]
[BlackTeam "Bossa Nova"]
[TimeControl "40/5400+30:1800+30"]

1. e4 e5 2. Nf3 Nc6 3. Bc4 Bc5 4. c3 Nf6 5. d4 exd4 6. e5 d5 7. Be2 Ne4 8. cxd4 Bb6 9. Nc3 Bf5 10. O-O O-O 11. Na4 f6 12. Be3 Qe7 13. exf6 Rxf6 14. Rc1 Rg6 15. Kh1 Re8 16. Nxb6 axb6 17. Qb3 Rd8 18. Bb5 Na5 19. Qa4 c6 20. Ne5 cxb5 21. Nxg6 Bxg6 22. Qxb5 Nc4 23. Bf4 Be8 24. Qb3 Ned2 25. Bxd2 Nxd2 26. Qxb6 Nxf1 27. Rxf1 Bg6 28. Rc1 Re8 29. h3 Qg5 30. Qc7 Qd2 31. Qc5 Qxf2 32. Qxd5+ Kh8 33. Qxb7 Qxd4 34. b4 Be4 35. Rc8 Qa1+ 36. Kh2 Qe5+ 0-1

[Event "22nd ECCC Women 2017"]
[Site "Antalya"]
[Date "2017.10.14"]
[Round "7"]
[White "Arda, Cagil Irmak"]
[Black "Sade, Defne"]
[Result "1/2-1/2"]
[ECO "C54"]
[WhiteElo "2040"]
[BlackElo "1951"]
[Annotator "NA"]
[PlyCount "69"]
[EventType "team-tourn"]
[EventCountry "TUR"]
[SourceTitle "playchess.com"]
[Source "ChessBase"]
[SourceQuality "1"]
[WhiteTeam "Anatolia"]
[BlackTeam "Aegean"]
[TimeControl "40/5400+30:1800+30"]

1. e4 e5 2. Nf3 Nc6 3. Bc4 Bc5 4. d3 Nf6 5. O-O d6 6. c3 a6 7. a4 Ba7 8. h3 h6 9. Re1 O-O 10. b4 Be6 11. Bxe6 fxe6 12. Nbd2 Nh5 13. Nf1 Qf6 14. Be3 Ne7 15. Ra2 Ng6 16. Bxa7 Rxa7 17. Re3 Nhf4 18. Kh2 d5 19. g3 d4 20. cxd4 exd4 21. e5 Qf5 22. g4 Qf7 23. Nxd4 Qd7 24. Re4 Nxe5 25. Qb3 Qd6 26. Ng3 Kh8 27. Rc2 Raa8 28. Qc3 Nfxd3 29. Nxe6 Qxe6 30. Qxd3 Nxd3 31. Rxe6 Nxb4 32. Rxc7 Rxf2+ 33. Kg1 Ra2 34. Rxb7 Nd5 35. Re4 1/2-1/2

[Event "22nd ECCC Women 2017"]
[Site "Antalya"]
[Date "2017.10.14"]
[Round "7"]
[White "Ozbay, Ece"]
[Black "Balajayeva, Khanim"]
[Result "0-1"]
[ECO "C60"]
[WhiteElo "1998"]
[BlackElo "2319"]
[Annotator "NA"]
[PlyCount "72"]
[EventType "team-tourn"]
[EventCountry "TUR"]
[SourceTitle "playchess.com"]
[Source "ChessBase"]
[SourceQuality "1"]
[WhiteTeam "Marmara"]
[BlackTeam "Odlar Yurdu"]
[TimeControl "40/5400+30:1800+30"]

1. e4 e5 2. Nf3 Nc6 3. Bb5 Nge7 4. O-O g6 5. c3 a6 6. Ba4 Bg7 7. d4 exd4 8. cxd4 b5 9. Bb3 O-O 10. a3 d6 11. h3 Bb7 12. Nc3 Na5 13. Ba2 c5 14. dxc5 dxc5 15. Qxd8 Rfxd8 16. Bg5 Re8 17. Rfd1 h6 18. Be3 b4 19. axb4 cxb4 20. Na4 Bxe4 21. Nb6 Rad8 22. Rxd8 Rxd8 23. Bxf7+ Kxf7 24. Rxa5 Bxb2 25. Nc4 Bxf3 26. Nxb2 Be2 27. Bxh6 Rc8 28. Ra4 Nd5 29. Ra5 Bb5 30. Ra1 Rc2 31. Nd1 b3 32. Rc1 a5 33. Rb1 a4 34. Bc1 Be2 35. Ne3 Rxc1+ 36. Rxc1 Nxe3 0-1

[Event "22nd ECCC Women 2017"]
[Site "Antalya"]
[Date "2017.10.14"]
[Round "7"]
[White "Brusilovski, Lena"]
[Black "Voit, Daria"]
[Result "0-1"]
[ECO "B98"]
[WhiteElo "1881"]
[BlackElo "2387"]
[Annotator "NA"]
[PlyCount "56"]
[EventType "team-tourn"]
[EventCountry "TUR"]
[SourceTitle "playchess.com"]
[Source "ChessBase"]
[SourceQuality "1"]
[WhiteTeam "Beer Sheva"]
[BlackTeam "Legacy Square Capital"]
[TimeControl "40/5400+30:1800+30"]

1. e4 c5 2. Nf3 d6 3. d4 cxd4 4. Nxd4 Nf6 5. Nc3 a6 6. Bg5 e6 7. f4 Be7 8. Qf3 Nbd7 9. g4 h6 10. Bxf6 Bxf6 11. O-O-O g5 12. f5 Ne5 13. Qg3 Bd7 14. Be2 b5 15. fxe6 fxe6 16. Rhf1 O-O 17. Nb1 Rc8 18. Qb3 Nc4 19. Bxc4 Rxc4 20. Nf3 Rxe4 21. Rxd6 Be5 22. Qd3 Bxd6 23. Qxe4 Bf4+ 24. Nbd2 Qf6 25. Kb1 e5 26. h3 Bxd2 27. Qd5+ Be6 28. Qxd2 e4 0-1

[Event "22nd ECCC Women 2017"]
[Site "Antalya"]
[Date "2017.10.14"]
[Round "7"]
[White "Celik, Eda"]
[Black "Isgandarova, Khayala"]
[Result "0-1"]
[ECO "B16"]
[WhiteElo "1880"]
[BlackElo "2242"]
[Annotator "NA"]
[PlyCount "72"]
[EventType "team-tourn"]
[EventCountry "TUR"]
[SourceTitle "playchess.com"]
[Source "ChessBase"]
[SourceQuality "1"]
[WhiteTeam "Aegean"]
[BlackTeam "Anatolia"]
[TimeControl "40/5400+30:1800+30"]

1. e4 c6 2. d4 d5 3. Nc3 dxe4 4. Nxe4 Nf6 5. Nxf6+ gxf6 6. c3 Bf5 7. Nf3 Qc7 8. g3 Nd7 9. Bg2 O-O-O 10. Nh4 Bg6 11. Nxg6 hxg6 12. Be3 Nb6 13. Qe2 e6 14. O-O Nd5 15. c4 Nxe3 16. Qxe3 c5 17. d5 exd5 18. Bxd5 Bd6 19. b4 Rh5 20. b5 Rdh8 21. h4 g5 22. Bf3 R5h6 23. Bg4+ Kb8 24. Rae1 Be5 25. hxg5 fxg5 26. Qxe5 Rh1+ 27. Kg2 R8h2+ 28. Kf3 Qxe5 29. Rxe5 Rxf1 30. Rxc5 Rhxf2+ 31. Ke3 f5 32. Be2 f4+ 33. gxf4 gxf4+ 34. Kd3 Re1 35. Bg4 Re3+ 36. Kd4 Rd2# 0-1